 Dungeon Crawl Stone Soup version 0.20.0-9-g8272e65 (webtiles) character file.

75 Darkell the Chiller (level 4, -5/30 HPs)
             Began as a Demonspawn Ice Elementalist on June 3, 2017.
             Killed from afar by Natasha (6 damage)
             ... with a magic dart
             ... on level 2 of the Dungeon.
             The game lasted 00:02:17 (1957 turns).

Darkell the Chiller (Demonspawn Ice Elementalist)   Turns: 1957, Time: 00:02:17

Health: -5/30      AC:  2    Str:  7 (8)  XL:     4   Next: 11%
Magic:  3/7        EV: 12    Int: 16 (17) God:
Gold:   8          SH:  0    Dex: 12 (14) Spells: 3/7 levels left

rFire    . . .     SeeInvis .   (no weapon)
rCold    . . .     Gourm    .   (no shield)
rNeg     . . .     Faith    .   a - +0 robe
rPois    .         Spirit   .   (no helmet)
rElec    .         Reflect  .   (no cloak)
rCorr    .         Harm     +   (no gloves)
MR       +....                  (no boots)
Stlth    ++++......             f - amulet of harm
Regen    0.1/turn               d - ring of protection from magic
MPRegen  0.1/turn               (no ring)

@: flying
A: nightstalker 2
a: no special abilities


You were on level 2 of the Dungeon.
You were hungry.

You visited 1 branch of the dungeon, and saw 2 of its levels.

You collected 8 gold pieces.

Inventory:

Armour
 a - a +0 robe (worn)
Jewellery
 d - a ring of protection from magic (left hand)
 f - an amulet of harm (around neck)
 j - a cursed amulet of inaccuracy {unknown}
Scrolls
 g - 3 scrolls of identify {unknown}
 h - 2 scrolls of teleportation {unknown}
 i - 2 scrolls of fog {unknown}
 l - 2 scrolls of enchant armour {unknown}
 m - a scroll of recharging {unknown}
 n - a scroll of remove curse {unknown}
 o - a scroll of magic mapping {unknown}
Books
 b - a book of Frost

   Spells                             Type                      Level
   a - Freeze                         Ice                          1
   b - Throw Frost                    Conjuration/Ice              2
   c - Ozocubu's Armour               Charms/Ice                   3
   d - Throw Icicle                   Conjuration/Ice              4
   e - Summon Ice Beast               Ice/Summoning                4
Comestibles
 c - 4 bread rations
 p - a royal jelly


   Skills:
 - Level 1.7 Dodging
 - Level 1.7 Stealth
 - Level 2.0 Spellcasting
   Level 1.0 Conjurations
 + Level 4.5 Ice Magic


You had 3 spell levels left.
You knew the following spells:

 Your Spells              Type           Power        Failure   Level  Hunger
a - Freeze                Ice            ###.         3%          1    #......
b - Ozocubu's Armour      Chrm/Ice       #.......     24%         3    ###....


Dungeon Overview and Level Annotations

Branches:
Dungeon (2/15)

Altars:

Annotations:
D:2 Natasha, Sigmund


Innate Abilities, Weirdness & Mutations

You are significantly more attuned to the shadows.


Message History

You hear a zap.
You hear a grinding noise.
You feel sick.
You are no longer poisoned.
You hear a zap.
You hear a grinding noise.
Natasha zaps a wand.
You hear a grinding noise.
Natasha stares at you and mumbles some strange words.
The magic dart hits you!
* * * LOW HITPOINT WARNING * * *
It was a potion of flight.
You feel very buoyant.
You fly up into the air.
Natasha zaps a wand.
Nothing appears to happen.
It was a potion of degeneration.
There was something very wrong with that liquid.
You feel weakened.
You feel dopey.
You feel clumsy. Natasha casts a spell at you.
You resist with almost no effort.
Natasha stares at you and mumbles some strange words.
The magic dart hits you!
You die...

###### ##'## #.# #.#..#
.....# #.# #.# #....#
.....####.# #.# #.##.#
.......##.## #.###.##.#
.....#.#...##
#........#
.....#......###
####h.####
##.###.#......# ##.#.#
##.###.##.#.#.####.##.#
##..............@.....#
.......#########.######
######## ###


You could see Natasha.

Vanquished Creatures
  Natasha (D:2)
  3 adders
  3 bats
  2 giant cockroaches (D:1)
  4 hobgoblins
  3 jackals (D:1)
  A quokka (D:2)
  A frilled lizard (D:2)
  3 kobolds
  2 rats (D:1)
23 creatures vanquished.

Notes
Turn   | Place    | Note
-------+----------+-------------------------------------------
     0 | D:1      | Darkell the Demonspawn Ice Elementalist began the quest for the Orb.
     0 | D:1      | Reached XP level 1. HP: 13/13 MP: 3/3
    88 | D:1      | Reached skill level 3 in Ice Magic
   412 | D:1      | Gained mutation: You are slightly more attuned to the shadows. [demonic ancestry]
   412 | D:1      | Reached XP level 2. HP: 18/19 MP: 1/5
   950 | D:2      | Noticed Sigmund
   984 | D:1      | Reached XP level 3. HP: 9/24 MP: 3/6
  1368 | D:2      | Learned a level 3 spell: Ozocubu's Armour
  1438 | D:2      | Noticed Natasha
  1445 | D:2      | Killed Natasha
  1445 | D:2      | Reached skill level 4 in Ice Magic
  1924 | D:2      | Gained mutation: You are significantly more attuned to the shadows. [demonic ancestry]
  1924 | D:2      | Reached XP level 4. HP: 22/30 MP: 3/7
  1928 | D:2      | Noticed Natasha
  1954 | D:2      | HP: 1/30 [Natasha/magic dart (13)]
  1957 | D:2      | Killed from afar by Natasha

Skill      XL: |  1  2  3 |
---------------+----------+-----
Ice Magic      | 3 4 |  4.5
Dodging        | |  1.7
Stealth        | |  1.7
Spellcasting   | |  2.0
Conjurations   | |  1.0

Action                   |  1- 3 |  4- 6 || total
-------------------------+-------+-------++-------
Melee: Unarmed           |    19 |       ||    19
 Cast: Freeze            |    46 |     4 ||    50
  Use: Potion            |       |     2 ||     2
 Stab: Sleeping          |     2 |       ||     2
  Eat: Chunk             |     3 |       ||     3
Armor: Robe              |    14 |     1 ||    15
Dodge: Dodged            |    47 |     2 ||    49
